 Dungeon Crawl Stone Soup version 0.29.1-1-gd02db6906a (webtiles) character file.

Game seed: 14852971603019581472

163 Earthwalker the Covered (level 5, -3/46 HPs)
             Began as a Minotaur Fighter on Oct 8, 2022.
             Was an Initiate of Gozag.
             Slain by an ogre
             ... wielding a +0 giant club
              (29 damage)
             ... on level 5 of the Dungeon.
             The game lasted 00:05:51 (1584 turns).

Earthwalker the Covered (Minotaur Fighter)          Turns: 1584, Time: 00:05:52

Health: -3/46      AC:  7    Str: 21    XL:     5   Next: 20%
Magic:  4/4        EV:  9    Int:  5    God:    Gozag
Gold:   87         SH:  4    Dex: 11    Spells: 5/5 levels left

rFire   . . .      SeeInvis .   a - +0 trident
rCold   . . .      Faith    .   c - +0 buckler
rNeg    . . .      Spirit   .   b - +0 scale mail
rPois   .          Reflect  .   (helmet restricted)
rElec   .          Harm     .   (no cloak)
rCorr   .          Rampage  .   (no gloves)
Will    .....                   (no boots)
Stlth   ..........              l - amulet of magic regeneration
HPRegen 0.15/turn               (no ring)
MPRegen 0.49/turn               (no ring)

@: no status effects
A: horns 2, retaliatory headbutt
a: Renounce Religion, Potion Petition, Call Merchant, Bribe Branch


You were on level 5 of the Dungeon.
You worshipped Gozag.
Gozag was noncommittal.
You visited 2 branches of the dungeon, and saw 6 of its levels.

You collected 182 gold pieces.
You paid 95 gold pieces to Gozag.

Inventory:

Hand Weapons
 a - a +0 trident (weapon)
Armour
 b - a +0 scale mail (worn)
 c - a +0 buckler (worn)
Jewellery
 l - an amulet of magic regeneration (around neck)
Scrolls
 e - a scroll of identify
 f - a scroll of magic mapping
 h - a scroll of teleportation {unknown}
 m - a scroll of immolation {unknown}
 n - a scroll of fear {unknown}
 o - 2 scrolls of noise {unknown}
 p - 3 scrolls of silence {unknown}
Potions
 d - 2 potions of might
 g - a potion of ambrosia
 i - a potion of heal wounds
 j - a potion of flight {unknown}
 k - a potion of lignification {unknown}


   Skills:
 * Level 4.1 Fighting
 * Level 4.0 Polearms
 * Level 1.2 Throwing
 * Level 4.3 Armour
 * Level 1.2 Dodging
 * Level 4.2 Shields
 * Level 0.5 Spellcasting
 * Level 0.8 Earth Magic


You had 5 spell levels left.
You didn't know any spells.
Your spell library was empty.

Dungeon Overview and Level Annotations

Branches:
Dungeon (5/15)             Temple (1/1) D:5

Altars:
Ashenzari
Fedhas
Gozag
Kikubaaqudgha
Nemelex Xobeh
Okawaru
Ru
Sif Muna
Trog
Uskayaw
Vehumet
Wu Jian
Xom
Yredelemnul

Shops:
D:3 !


Innate Abilities, Weirdness & Mutations

You have a pair of horns on your head.
You reflexively headbutt those who attack you in melee.


Message History

Found a hide-covered altar of Uskayaw.
Found an ornate altar of the Wu Jian Council.
There is a sparkling altar of Nemelex Xobeh here.
Found an iron altar of Okawaru.
Found a blossoming altar of Fedhas.
Found a staircase back to the Dungeon.
Found a shimmering blue altar of Sif Muna.
There is a blossoming altar of Fedhas here.
Found a sacrificial altar of Ru.
Found a basalt altar of Yredelemnul.
Found a shimmering altar of Xom.
Done exploring.
There is a staircase back to the Dungeon here.
You climb upwards.
Welcome back to the Dungeon!
There is a staircase to the Ecumenical Temple here.
Found 17 gold pieces.
An ogre comes into view. It is wielding a +0 giant club.
The ogre shouts!
You see here a +3 quarterstaff.
There is a stone staircase leading up here.
Unknown command.
Reach: a) +0 trident
Press: ? - help, Dir - move target, f - ogre
Aim: an ogre, wielding a +0 giant club (about 26% to evade your +0 trident)
You reach to attack!
You hit the ogre.
The ogre is lightly wounded.
You barely miss the ogre.
The ogre is lightly wounded.
The ogre hits you with a +0 giant club!!
You barely miss the ogre. You headbutt the ogre.
The ogre is lightly wounded.
The ogre closely misses you.
You hit the ogre. You headbutt the ogre!
The ogre is heavily wounded.
You hit the ogre. Your headbutt misses the ogre.
The ogre is heavily wounded.
The ogre hits you with a +0 giant club!!
Ouch! That really hurt!
You die...
Your body crumbles into a pile of gold.

#..#.#..##....#
#.....##..# .#
#..#.....#...# #
#.?.......#
########....#.##
#...............
#?#####.#..##.##
#....O#..# ...
#.#..@#..# ###
#....##...
#...... ....
######. .#### #.
.# #. #. ##


You could see an ogre.

Vanquished Creatures
  An orc priest (D:3)
  3 orc wizards
  2 adders
  A worm (D:2)
  2 dart slugs
  3 orcs
  3 ball pythons
  4 bats
  3 endoplasms
  A giant cockroach (D:3)
  2 goblins
  3 hobgoblins
  A frilled lizard (D:1)
  2 kobolds
  6 rats
37 creatures vanquished.

Notes
Turn   | Place    | Note
-------+----------+-------------------------------------------
     0 | D:1      | Earthwalker the Minotaur Fighter began the quest for the
                  | Orb.
     0 | D:1      | Reached XP level 1. HP: 19/19 MP: 0/0
   361 | D:1      | Reached XP level 2. HP: 26/27 MP: 1/1
   868 | D:2      | Reached XP level 3. HP: 31/33 MP: 2/2
   964 | D:3      | Found Uneohoaff's Distillery.
  1152 | D:3      | Reached XP level 4. HP: 40/40 MP: 3/3
  1212 | D:3      | Reached skill level 1 in Dodging
  1242 | D:3      | Found a faded altar of an unknown god.
  1316 | D:3      | Reached skill level 1 in Throwing
  1355 | D:4      | Reached XP level 5. HP: 46/46 MP: 4/4
  1432 | D:5      | Entered Level 5 of the Dungeon
  1436 | D:5      | Found a staircase to the Ecumenical Temple.
  1446 | Temple   | Entered the Ecumenical Temple
  1453 | Temple   | Became a worshipper of Gozag Ym Sagoz the Greedy
  1566 | D:5      | Noticed an ogre
  1584 | D:5      | Slain by an ogre

Illustrated notes

Levels and vault maps discovered:
D:1:      heliophobic_arrival_ceremonial_halls, layout_basic
D:2:      layout_rooms
D:3:      layout_basic, dreamdust_ecumenical_altar_statues, serial_shops,
          nicolae_shop_waterfront
D:4:      layout_basic
D:5:      layout_basic, minmay_temple_entry_waves, water_boxes_lemuel
Temple:   nicolae_temple_superstar

Skill      XL: |  1  2  3  4  5 |
---------------+----------------+-----
Armour         | 4 |  4.3
Shields        | 4 |  4.2
Fighting       | 4 |  4.1
Polearms       | 3 4 |  4.0
Dodging        | 1 |  1.2
Throwing       | 1 |  1.2
Spellcasting   | |  0.5
Earth Magic    | |  0.8

Action                   |  1- 3 |  4- 6 || total
-------------------------+-------+-------++-------
Melee: Trident           |    67 |    29 ||    96
       Headbutt          |    10 |     3 ||    13
  Use: Scroll            |     5 |       ||     5
Armor: Scale mail        |    19 |    12 ||    31
Dodge: Dodged            |    23 |     6 ||    29
Block: Buckler           |    17 |     4 ||    21
